 Seeded DCSS version 0.28-a0-983-g1de4e0787c (webtiles) character file.

Game seed: 1046698638713776861 (custom seed)

24113 a11behringer the Severer (level 12, -1/111 HPs)
             Began as a Minotaur Berserker on Dec 2, 2021.
             Was an Elder of Trog.
             Slain by a very large slime creature (49 damage)
             ... on level 12 of the Dungeon on Dec 3, 2021.
             The game lasted 00:34:15 (13498 turns).

a11behringer the Severer (Minotaur Berserker)      Turns: 13498, Time: 00:34:15

Health: -1/111     AC: 22    Str: 26    XL:     12   Next: 77%
Magic:  11/11      EV:  9    Int:  4    God:    Trog [****..]
Gold:   580        SH:  0    Dex: 11    Spells: 11/11 levels left

rFire   + . .      SeeInvis .   I - +1 war axe (flame)
rCold   . . .      Faith    .   (no shield)
rNeg    . . .      Spirit   .   L - +0 plate armour
rPois   .          Reflect  .   (helmet restricted)
rElec   .          Harm     .   c - +0 cloak
rCorr   .          Rampage  .   B - +0 pair of gloves
Will    .....                   (no boots)
Stlth   ..........              (no amulet)
HPRegen 0.28/turn               q - ring of protection from fire
MPRegen 0.12/turn               i - +4 ring of protection

@: no status effects
A: horns 2, retaliatory headbutt
a: Renounce Religion, Berserk, Trog's Hand, Brothers in Arms


You were on level 12 of the Dungeon.
You worshipped Trog.
Trog was greatly pleased with you.
You visited 1 branch of the dungeon, and saw 12 of its levels.

You collected 677 gold pieces.
You spent 97 gold pieces at shops.

Inventory:

Hand Weapons
 a - a +0 hand axe
 g - a +0 shortbow
 w - a +1 war axe
 y - a +0 hand crossbow
 C - a +0 battleaxe
 I - a +1 war axe of flaming (weapon)
 S - a +1 great sword of flaming
 T - a +0 arbalest
 U - the +2 hunting sling "Acarinebane" {freeze, Fragile Int+7}
   (You found it on level 11 of the Dungeon)

   Any ammunition fired from it freezes those it strikes, dealing additional
   cold damage.
   It can also slow down cold-blooded creatures.
   Int:       It affects your intelligence (+7).
   Fragile:   It will be destroyed if unequipped.
 W - a +1 shortbow of freezing
Missiles
 f - 406 arrows
 m - 4 throwing nets (quivered)
 x - 73 sling bullets
 D - 91 bolts
Armour
 b - a +0 animal skin
 c - a +0 cloak (worn)
 v - a +0 chain mail
 z - a +3 ring mail
 B - a +0 pair of gloves (worn)
 K - a +0 troll leather armour
 L - a +0 plate armour (worn)
 P - +0 steam dragon scales
 R - a +0 kite shield
 X - +0 acid dragon scales
Jewellery
 i - a +4 ring of protection (right hand)
 n - an amulet of faith
 q - a ring of protection from fire (left hand)
 G - a ring of fire
 J - a ring of magical power
Wands
 h - a wand of polymorph (8)
 r - a wand of flame (11)
 u - a wand of digging (2)
 A - a wand of mindburst (31)
 E - a wand of charming (8)
 H - a wand of paralysis (2)
Scrolls
 s - 5 scrolls of teleportation
 N - a scroll of blinking
 O - a scroll of immolation
 Q - 4 scrolls of identify
 V - 2 scrolls of enchant weapon
 Z - a scroll of enchant armour {unknown}
Potions
 d - a potion of berserk rage {unknown}
 e - 5 potions of curing
 j - 3 potions of mutation
 k - 2 potions of might
 l - 4 potions of lignification
 o - a potion of attraction
 p - 3 potions of ambrosia
 t - a potion of heal wounds {unknown}
 F - 3 potions of haste
 M - 2 potions of degeneration {unknown}
 Y - a potion of brilliance {unknown}


   Skills:
 + Level 11.6 Fighting
 * Level 19.1 Axes
 + Level 12.7 Armour
 + Level 4.9 Dodging
 - Level 1.1 Stealth


You had 11 spell levels left.
You didn't know any spells.
Your spell library was empty.

Dungeon Overview and Level Annotations

Branches:
Dungeon (12/15)            Temple (0/1) D:4            Lair (0/6) D:10
    Orc (0/2) D:12

Altars:
Gozag

Shops:
D:11 ?


Innate Abilities, Weirdness & Mutations

You have a pair of horns on your head.
You reflexively headbutt those who attack you in melee.


Message History

The slime creature is moderately wounded.
The slime creature hits you!
You hit the slime creature. You burn the slime creature.
The slime creature is heavily wounded.
Two slime creatures merge to form a large slime creature.
You slice the large slime creature!! You burn the large slime creature.
The large slime creature is heavily wounded.
You hit the large slime creature. You burn the large slime creature.
You headbutt the large slime creature!
The large slime creature is heavily wounded.
You hit the large slime creature. You burn the large slime creature.
The large slime creature is heavily wounded.
The large slime creature completely misses you.
You hit the large slime creature. You burn the large slime creature.
The large slime creature is heavily wounded.
Two slime creatures merge to form a very large slime creature.
You hit the very large slime creature but do no damage.
You headbutt the very large slime creature.
The very large slime creature is heavily wounded.
You slice the very large slime creature!!
You burn the very large slime creature.
The very large slime creature is heavily wounded.
The very large slime creature hits you!!
You slice the very large slime creature!!
You burn the very large slime creature!
You headbutt the very large slime creature.
The very large slime creature is severely wounded.
The very large slime creature barely misses you.
You slash the very large slime creature!
You burn the very large slime creature.
The very large slime creature is severely wounded.
You barely miss the very large slime creature.
You headbutt the very large slime creature!
The very large slime creature is almost dead.
The very large slime creature hits you but does no damage.
You barely miss the very large slime creature.
Your headbutt misses the very large slime creature.
The very large slime creature is almost dead.
The very large slime creature hits you!!!
You die...

...............#
...#...........#
>..#....##+#+###
.............#
...#.........#
...#.#####.#.#####
..##.# #.......#
..##.#
#######.#####
..##.# #@#...#
..+..# #J#...#
††#.## ##y#...#
†...# #.z....#
#.#.# #.J....#
#.#.#
#......########
#.#.######
####.....(....#
..........
..##..z.......#
##........
...............#


You could see a skeletal warrior, a very large slime creature, a slime creature
and a vampire mosquito.

Vanquished Creatures
  A quicksilver ooze (shapeshifter) (D:10)
  3 hydras
  A boulder beetle (D:11)
  3 two-headed ogres
  Erica (D:10)
  A skeletal warrior (D:8)
  2 ugly things (D:10)
  2 manticores
  2 gargoyles
  2 unseen horrors
  A komodo dragon (D:10)
  A tengu conjurer (D:10)
  A yaktaur (D:10)
  7 trolls
  A hornet (D:9)
  Sigmund (D:5)
  2 meliai zombies
  2 shadows
  3 vampires
  A wraith (D:7)
  25 yaks
  3 wyverns
  3 vampire mosquitoes (D:11)
  2 steam dragons
  Menkaure (D:6)
  An acid dragon (D:11)
  10 orc warriors
  2 black bears
  5 ogres
  13 centaurs
  A phantom (D:4)
  A kobold brigand (D:10)
  4 bullfrogs
  A gnoll sergeant (D:10)
  4 scorpions
  A wyvern skeleton (D:7)
  A water moccasin skeleton (D:4)
  4 killer bees (D:10)
  10 wights
  10 centaur zombies
  3 hounds
  A centaur skeleton (D:6)
  4 orc priests
  4 iguanas
  2 bullfrog skeletons
  12 orc wizards
  10 adders
  6 gnolls
  2 shadow imps
  A white imp (D:6)
  2 adder skeletons
  2 worms
  A dart slug (D:5)
  20 orcs
  7 bats
  4 endoplasms
  6 giant cockroaches
  3 hobgoblins
  6 jackals (D:4)
  5 kobolds
  4 quokkas
  7 ball pythons
  5 frilled lizards
  4 goblins
  A jackal skeleton (D:4)
  3 rats (D:1)
265 creatures vanquished.

Vanquished Creatures (others)
  2 human simulacra (D:9)
  A howler monkey zombie (D:7)
  An orc (D:9)
  5 fungi (D:10)
  10 plants (D:10)
19 creatures vanquished.

Grand Total: 284 creatures vanquished

Notes
Turn   | Place    | Note
-------+----------+-------------------------------------------
     0 | D:1      | a11behringer the Minotaur Berserker began the quest for the
                  | Orb.
     0 | D:1      | Reached XP level 1. HP: 19/19 MP: 0/0
   248 | D:1      | Reached skill level 4 in Axes
   280 | D:1      | Reached XP level 2. HP: 26/27 MP: 1/1
   384 | D:1      | Found a faded altar of an unknown god.
   770 | D:2      | Reached ** piety under Trog
   803 | D:2      | Reached XP level 3. HP: 33/33 MP: 2/2
  1175 | D:2      | You fall into a shaft and drop 1 floor!
  1415 | D:3      | Reached skill level 5 in Axes
  1415 | D:3      | Reached XP level 4. HP: 25/41 MP: 3/3
  2081 | D:3      | Reached XP level 5. HP: 25/47 MP: 4/4
  2754 | D:4      | Reached skill level 6 in Axes
  2756 | D:4      | Reached skill level 5 in Fighting
  2783 | D:4      | Noticed a phantom
  2805 | D:4      | Killed a phantom
  2806 | D:4      | Reached skill level 1 in Stealth
  2806 | D:4      | Reached XP level 6. HP: 56/56 MP: 5/5
  3128 | D:4      | Reached skill level 7 in Axes
  3266 | D:4      | Found a staircase to the Ecumenical Temple.
  3421 | D:4      | Reached *** piety under Trog
  3789 | D:5      | Entered Level 5 of the Dungeon
  3851 | D:5      | Reached XP level 7. HP: 50/61 MP: 6/6
  3926 | D:5      | Noticed Sigmund
  3934 | D:5      | Killed Sigmund
  3935 | D:5      | Reached skill level 8 in Axes
  4109 | D:5      | Reached skill level 9 in Axes
  4581 | D:5      | HP: 4/94 [ogre (21)]
  4585 | D:5      | Reached XP level 8. HP: 8/70 MP: 7/7
  4898 | D:6      | Noticed Menkaure
  4903 | D:6      | Killed Menkaure
  4908 | D:6      | Reached skill level 10 in Axes
  5456 | D:6      | Reached skill level 11 in Axes
  5482 | D:6      | Reached skill level 5 in Armour
  5687 | D:6      | Reached XP level 9. HP: 29/78 MP: 8/8
  6130 | D:7      | Reached skill level 12 in Axes
  7282 | D:8      | Noticed a manticore
  7290 | D:8      | Killed a manticore
  7291 | D:8      | Reached skill level 13 in Axes
  7576 | D:8      | Noticed a skeletal warrior
  7587 | D:8      | Killed a skeletal warrior
  7588 | D:8      | Reached XP level 10. HP: 88/88 MP: 9/9
  7988 | D:9      | Found an opulent altar of Gozag.
  8001 | D:9      | Reached skill level 14 in Axes
  8030 | D:9      | Reached **** piety under Trog
  8305 | D:9      | Reached skill level 15 in Axes
  8349 | D:9      | Paralysed by a hornet for 1 turns
  9355 | D:10     | Entered Level 10 of the Dungeon
  9509 | D:10     | Noticed a two-headed ogre
  9524 | D:10     | Killed a two-headed ogre
  9525 | D:10     | Reached skill level 16 in Axes
  9525 | D:10     | Reached XP level 11. HP: 38/97 MP: 10/10
 10294 | D:10     | Noticed a brown ugly thing
 10297 | D:10     | Noticed a green ugly thing
 10779 | D:10     | Found a staircase to the Lair.
 10913 | D:10     | Noticed Erica
 10924 | D:10     | Killed Erica
 10925 | D:10     | Reached skill level 17 in Axes
 11090 | D:10     | Reached skill level 10 in Fighting
 11300 | D:10     | Reached skill level 10 in Armour
 11335 | D:10     | Noticed an eight-headed hydra
 11343 | D:10     | Killed a six-headed hydra
 11474 | D:10     | Noticed a four-headed hydra
 11484 | D:10     | Killed a one-headed hydra
 11559 | D:10     | Killed a brown ugly thing
 11561 | D:10     | Noticed a quicksilver ooze
 11564 | D:10     | Killed a brown ugly thing
 11571 | D:10     | Killed a quicksilver ooze
 11572 | D:10     | Reached XP level 12. HP: 51/108 MP: 6/11
 11634 | D:9      | Reached skill level 18 in Axes
 12043 | D:10     | Noticed a two-headed ogre
 12052 | D:10     | Killed a two-headed ogre
 12275 | D:11     | Identified the +2 hunting sling "Acarinebane" {freeze,
                  | Fragile Int+7}
 12303 | D:11     | Noticed a two-headed ogre
 12325 | D:11     | Killed a two-headed ogre
 12702 | D:11     | Found Faotenosm's Magic Scroll Shop.
 12706 | D:11     | Bought a scroll of enchant weapon for 97 gold pieces
 12929 | D:11     | Noticed a boulder beetle
 12953 | D:11     | Killed a boulder beetle
 13306 | D:12     | Noticed a seven-headed hydra
 13314 | D:12     | Killed a three-headed hydra
 13396 | D:12     | Reached skill level 19 in Axes
 13405 | D:12     | Found a staircase to the Orcish Mines.
 13498 | D:12     | Slain by a very large slime creature

Illustrated notes

Levels and vault maps discovered:
D:1:      dpeg_arrival_simpleton_c, layout_loops_cross, basic_ecumenical_altar
D:2:      layout_rooms
D:3:      layout_loops_ring, nicolae_concentric_dashed_squares_wild
D:4:      layout_cave_pods, minmay_temple_entry_purple_smoke,
          chequers_serial_rivers_large_b, kennysheep_generic_room_14
D:5:      layout_rooms, roderic_serpentine_path, uniq_sigmund
D:6:      minmay_spotlight, layout_rooms, uniq_menkaure
D:7:      layout_cave_pods, serial_column_ruins, column_ruins_pillar_1,
          column_ruins_pillar_7, column_ruins_pillar_8, column_ruins_pillar_1,
          column_ruins_pillar_1, column_ruins_pillar_10, column_ruins_pillar_9,
          column_ruins_pillar_2, column_ruins_pillar_2, column_ruins_pillar_4,
          column_ruins_pillar_3, column_ruins_pillar_1, column_ruins_pillar_5,
          column_ruins_pillar_11, column_ruins_pillar_1, grunt_ogre_cave,
          st_stairs_14
D:8:      layout_rooms, kennysheep_just_a_vault
D:9:      layout_layer_cave, grunt_gozag_statues, bh_circular_ruins
D:10:     nzn_winding_woodlands_stair_cross [nzn_winding_woodlands_5x15_twine,
          nzn_winding_woodlands_center_garden,
          nzn_winding_woodlands_5x15_sawtooth,
          nzn_winding_woodlands_5x5_perimeter, nzn_winding_woodlands_5x5_three,
          nzn_winding_woodlands_5x15_concentric,
          nzn_winding_woodlands_center_pierced_h,
          nzn_winding_woodlands_5x15_longhouse], layout_loops_cross,
          grunt_lair_entry_orc_guard_hut, uniq_erica
D:11:     layout_loops_ring, serial_shops, nicolae_diamond_shop
D:12:     layout_basic, serial_curves, eino_curves_04, eino_curves_03,
          chei_slow_surprise

Skill      XL: |  1  2  3  4  5  6  7  8  9 10 11 12 |
---------------+-------------------------------------+-----
Axes           | 4 5 6 7 9 11 13 16 17 19 | 19.1
Fighting       | 4 5 6 8 9 10 11 | 11.6
Dodging        | 3 4 |  4.9
Stealth        | 1 |  1.1
Armour         | 3 5 7 8 10 12 | 12.7

Action                   |  1- 3 |  4- 6 |  7- 9 | 10-12 || total
-------------------------+-------+-------+-------+-------++-------
Melee: Hand axe          |    72 |    62 |       |       ||   134
       Headbutt          |     9 |    15 |    48 |   102 ||   174
       War axe           |       |    27 |   187 |   468 ||   682
Invok: Berserk           |       |     3 |     4 |    10 ||    17
       Trog's Hand       |       |     1 |     4 |     7 ||    12
Evoke: Wand              |       |       |       |     1 ||     1
  Use: Scroll            |       |       |    12 |     6 ||    18
       Potion            |       |       |       |     2 ||     2
 Stab: Sleeping          |       |     1 |       |       ||     1
Armor: Animal skin       |    19 |    21 |       |       ||    40
       Chain mail        |       |    17 |   119 |    11 ||   147
       Plate armour      |       |       |       |   333 ||   333
Dodge: Dodged            |    44 |    52 |    96 |   216 ||   408

Table legend: (Time is in decaauts)
 A = Elapsed time spent in this place.
 B = Non-inter-level travel time spent in this place.
 C = Inter-level travel time spent in this place.
 D = Time resting spent in this place.
 E = Time spent auto-exploring this place.
 F = Levels seen in this place.
 G = Mean time per level.
                   A        B        C        D        E       F      G
               +--------+--------+--------+--------+--------+-----+--------+
         Total |  13545 |  12308 |   1237 |    199 |  10444 |  12 | 1128.8 |
       Dungeon |  13545 |  12308 |   1237 |    199 |  10444 |  12 | 1128.8 |
               +--------+--------+--------+--------+--------+-----+--------+

Top non-repeatable levels by time:
    D:10: 2694 daAuts
     D:9: 1677 daAuts
     D:3: 1363 daAuts
     D:4: 1275 daAuts
     D:7: 1264 daAuts
     D:6: 1028 daAuts
    D:11: 1015 daAuts
     D:5: 939 daAuts
     D:1: 716 daAuts
     D:8: 703 daAuts
     D:2: 680 daAuts
    D:12: 187 daAuts
